 Dungeon Crawl Stone Soup version 0.32-a0-898-g7811c86cf0 (webtiles) character file.

Game seed: 9593817436713373284

5895 DEFE the Severer (level 10, -2/70 HPs)
             Began as a Coglin Fighter on Apr 4, 2024.
             Was a Follower of Okawaru.
             Slain by a red ugly thing (11 damage)
             ... on level 10 of the Dungeon.
             The game lasted 00:09:02 (11017 turns).

DEFE the Severer (Coglin Fighter)                  Turns: 11017, Time: 00:09:03

Health: -2/70      AC: 12    Str: 21    XL:     10   Next: 82%
Magic:  10/12      EV: 11    Int:  7    God:    Okawaru [*.....]
Gold:   146        SH:  0    Dex: 14    Spells: 9/9 levels left

rFire   . . .        a - +1 war axe (freeze) {Manveen}
rCold   . . .        n - +0 hand axe {Aníbal}
rNeg    . . .        b - +0 scale mail
rPois   .            p - +0 helmet
rElec   .            o - +0 cloak
rCorr   .            (no gloves)
SInv    .            q - +0 pair of boots
Will    .....        (amulet unavailable)
Stlth   ++           (ring unavailable)
HPRegen 0.31/turn    (ring unavailable)
MPRegen 0.13/turn    (no gizmo)

%: no passive effects
@: heroic, studying Axes, revving
A: off-hand wielding, slow wielding, warmup strikes, no jewellery
a: Invent Gizmo, Renounce Religion, Heroism


You were on level 10 of the Dungeon.
You worshipped Okawaru.
Okawaru was aware of your devotion.
You visited 2 branches of the dungeon, and saw 11 of its levels.

You collected 378 gold pieces.
You spent 232 gold pieces at shops.

Inventory:

Hand Weapons
 a - a +1 war axe of freezing (weapon) {Manveen}
 n - a +0 hand axe (offhand) {Aníbal}
Missiles
 w - 3 curare-tipped darts (quivered)
 E - 2 throwing nets
Armour
 b - a +0 scale mail (worn)
 c - a +0 buckler
 o - a +0 cloak (worn)
 p - a +0 helmet (worn)
 q - a +0 pair of boots (worn)
 v - +0 steam dragon scales
Wands
 m - a wand of digging (3)
 y - a wand of flame (9)
 B - a wand of charming (12)
 C - a wand of iceblast (5)
Scrolls
 d - a scroll of blinking
 e - 2 scrolls of amnesia
 f - 2 scrolls of brand weapon
 h - a scroll of torment
 i - 2 scrolls of enchant weapon
 j - 4 scrolls of fear
 x - a scroll of teleportation
 z - 2 scrolls of vulnerability
Potions
 g - 3 potions of mutation
 k - 5 potions of heal wounds
 l - a potion of magic
 r - 4 potions of haste
 t - a potion of cancellation
 u - a potion of lignification
 D - 2 potions of ambrosia
 F - a potion of berserk rage
 G - a potion of invisibility


   Skills:
 - Level 3.0(8.0) Fighting
 + Level 15.0(20.0) Axes
 - Level 2.6(7.6) Armour
 - Level 2.1(7.1) Shields
 + Level 2.9 Invocations
 + Level 5.0 Evocations


You had 9 spell levels left.
You didn't know any spells.
Your spell library contained the following spells:

 Spells                   Type           Power      Damage    Failure   Level
 Magic Dart               Conj           0%         1d3       75%         1
 Blink                    Tloc           0%         N/A       86%         2
 Ensorcelled Hibernation  Hex/Ice        0%         N/A       86%         2
 Lesser Beckoning         Tloc           0%         N/A       86%         2
 Momentum Strike          Conj/Tloc      0%         3d8       86%         2
 Fugue of the Fallen      Necr           0%         N/A       98%         3
 Maxwell's Portable Pile  Tloc           0%         2d(5-13)  98%         3
 Teleport Other           Tloc           0%         N/A       98%         3
 Anguish                  Hex/Necr       0%         N/A       100%        4
 Call Imp                 Summ           Unusable   N/A       N/A         2

Dungeon Overview and Level Annotations

Branches:
Dungeon (10/15)            Temple (1/1) D:6
   Lair: D:8-11         Orc: D:9-12

Altars:
Ashenzari
Cheibriados
Dithmenos
Elyvilon
Fedhas
Gozag
Hepliaklqana
Kikubaaqudgha
Makhleb
Nemelex Xobeh
Okawaru
Qazlal
Ru
Sif Muna
Trog
Uskayaw
Vehumet
Wu Jian
Xom
Yredelemnul
Zin
The Shining One

Shops:
D:2 [[(   D:3 !   D:6 *   D:7 **:[   D:8 (

Annotations:
D:4 3 runed translucent doors, Blueant's ghost, amateur DEHu


Innate Abilities, Weirdness & Mutations

You can wield a second weapon in your off-hand.
It takes a long time for you to wield or remove held weapons.
Your first few attacks do less damage.
You cannot equip rings or amulets.


Message History

No target in view!
Unknown command.
No target in view!
There is an open gate here.
A red ugly thing comes into view.
A red ugly thing is nearby!
Unknown command.
The red ugly thing barely misses you.
You hit the red ugly thing with your +0 hand axe.
The red ugly thing is lightly wounded.
You barely miss the red ugly thing with your +1 war axe of freezing.
The red ugly thing pecks you.
You are engulfed in flames!!
Unknown command.
You slash the red ugly thing with your +0 hand axe!
The red ugly thing is lightly wounded.
You slash the red ugly thing with your +1 war axe of freezing!
You freeze the red ugly thing.
The red ugly thing pecks you but does no damage.
Unknown command.
You hit the red ugly thing with your +0 hand axe.
The red ugly thing is heavily wounded.
You barely miss the red ugly thing with your +1 war axe of freezing.
Unknown command.
Okay, then.
You gain the combat prowess of a mighty hero.
The red ugly thing pecks you.
You are engulfed in flames!!
You hit the red ugly thing with your +1 war axe of freezing.
You freeze the red ugly thing.
The red ugly thing is heavily wounded.
You closely miss the red ugly thing with your +0 hand axe.
The red ugly thing pecks you.
* * * LOW HITPOINT WARNING * * *
You are engulfed in flames!
* * * LOW HITPOINT WARNING * * *
You hit the red ugly thing with your +1 war axe of freezing.
You freeze the red ugly thing.
The red ugly thing is heavily wounded.
You slash the red ugly thing with your +0 hand axe!
The red ugly thing pecks you!
You die...

# #..
.###.######......#######
.....#....#.............
.....#....#.............
.....#...<#.............
.....'....#.............
.....'....#.............
.....######.............
................@.......
####'######'''###u......
................#.......
....######......#.....##
....#....#......#.....#
....#....#......#.....#
....#....#......#.....#
....#'####......#.....#
................#


You could see a red ugly thing.

Vanquished Creatures
  Maggie (D:7)
  9 yaks
  2 steam dragons
  A water moccasin (D:6)
  5 orc warriors
  3 black bears
  4 ogres
  3 centaurs
  A phantom (D:4)
  2 kobold brigands (D:9)
  2 bullfrogs
  3 scorpions
  9 wights
  6 killer bees
  7 howler monkeys
  2 electric eels (D:7)
  A bombardier beetle (D:4)
  2 orc priests
  4 hounds
  2 jellies (D:5)
  3 iguanas (D:5)
  10 orc wizards
  3 sleepcaps (D:5)
  Natasha (D:4)
  8 gnolls
  12 adders
  A shadow imp (D:8)
  2 white imps
  3 ribbon worms (D:3)
  5 dart slugs
  20 orcs
  15 bats
  7 endoplasms
  3 giant cockroaches
  12 goblins
  A hobgoblin (D:4)
  4 jackals (D:3)
  2 quokkas
  8 ball pythons
  5 frilled lizards
  9 kobolds
  9 rats
212 creatures vanquished.

Notes
Turn   | Place    | Note
-------+----------+-------------------------------------------
     0 | D:1      | DEFE the Coglin Fighter began the quest for the Orb.
     0 | D:1      | Reached XP level 1. HP: 18/18 MP: 1/1
   162 | D:1      | Reached XP level 2. HP: 24/24 MP: 2/2
   417 | D:1      | Found a faded altar of an unknown god.
   628 | D:1      | Reached skill level 3 in Axes
   883 | D:1      | Reached XP level 3. HP: 29/29 MP: 3/3
  1248 | D:2      | Found a shimmering altar of Xom.
  1776 | D:2      | Found Kidghuzxi's Antique Armour Shoppe.
  1951 | D:2      | Found Nuwkugri's Armour Shoppe.
  2209 | D:2      | Reached skill level 4 in Axes
  2279 | D:2      | Found Liarag's Antique Weapon Boutique.
  2484 | D:3      | Reached XP level 4. HP: 35/35 MP: 4/4
  2490 | D:3      | Found Neff's Distillery.
  2500 | D:3      | Bought a potion of heal wounds for 60 gold pieces
  3124 | D:4      | Reached skill level 5 in Axes
  3124 | D:4      | Reached XP level 5. HP: 25/41 MP: 5/5
  3320 | D:4      | Noticed a phantom
  3332 | D:4      | Killed a phantom
  3426 | D:4      | Found a runed translucent gate.
  3427 | D:4      | Found a runed translucent gate.
  3429 | D:4      | Found a runed translucent gate.
  3435 | D:4      | Noticed an ice beast
  3435 | D:4      | Noticed Blueant's ghost (amateur DEHu)
  3589 | D:4      | Reached skill level 6 in Axes
  3610 | D:4      | Reached XP level 6. HP: 47/47 MP: 6/6
  3815 | D:4      | Reached skill level 7 in Axes
  3902 | D:4      | Found a blossoming altar of Fedhas.
  3921 | D:4      | Noticed Natasha
  3923 | D:4      | Killed Natasha
  3924 | D:4      | Reached XP level 7. HP: 52/52 MP: 7/7
  4116 | D:5      | Entered Level 5 of the Dungeon
  4178 | D:5      | Noticed a yak
  4178 | D:5      | Noticed a yak
  4179 | D:5      | Noticed a yak
  4181 | D:5      | Noticed a yak
  4182 | D:5      | Noticed a yak
  4187 | D:5      | Killed a yak
  4188 | D:5      | Reached skill level 8 in Axes
  4192 | D:5      | Killed a yak
  4194 | D:5      | Killed a yak
  4195 | D:5      | Reached skill level 9 in Axes
  4195 | D:5      | Reached XP level 8. HP: 26/58 MP: 8/8
  4196 | D:5      | Killed a yak
  4198 | D:5      | Killed a yak
  4199 | D:5      | Reached skill level 10 in Axes
  4454 | D:5      | Found a sparkling altar of Nemelex Xobeh.
  4454 | D:5      | Found a burning altar of Makhleb.
  4484 | D:5      | You fall into a shaft and drop 3 floors!
  4571 | D:7      | Found Hitiven's Antique Armour Shoppe.
  4571 | D:7      | Found Qomeraov's Book Shoppe.
  4571 | D:7      | Found Votuzy's General Store.
  4627 | D:8      | Noticed a yak
  4628 | D:8      | Noticed a yak
  4628 | D:8      | Noticed a yak
  4650 | D:7      | Killed a yak
  4688 | D:8      | Killed a yak
  4689 | D:8      | Reached skill level 11 in Axes
  4692 | D:8      | Killed a yak
  4693 | D:8      | Reached XP level 9. HP: 26/63 MP: 9/9
  5460 | D:8      | Reached skill level 12 in Axes
  5811 | D:8      | Found Afural Yjen's Hydra Hut.
  5816 | D:8      | Noticed a four-headed hydra
  5947 | D:7      | Reached skill level 13 in Axes
  6014 | D:7      | Noticed Maggie
  6025 | D:7      | Killed Maggie
  6118 | D:7      | Reached XP level 10. HP: 21/70 MP: 10/10
  6268 | D:7      | Found Jigeny's Elemental Accessories.
  6572 | D:7      | Bought a wand of flame (11) for 84 gold pieces
  6642 | D:7      | Identified the +5 trident "Trog's Outrage" {spect, +Blink
                  | Dex+5}
  6674 | D:7      | Reached skill level 14 in Axes
  7263 | D:6      | Found a staircase to the Ecumenical Temple.
  7272 | D:6      | Reached skill level 1 in Evocations
  7287 | Temple   | Entered the Ecumenical Temple
  7341 | Temple   | Became a worshipper of Warmaster Okawaru
  7829 | D:6      | Found Goehech's Mayhem Merchandise.
  7840 | D:6      | Reached skill level 1 in Invocations
  8710 | D:5      | Reached * piety under Okawaru
  8853 | D:5      | Found a bloodstained altar of Trog.
  9379 | D:7      | Bought a potion of invisibility for 88 gold pieces
  9503 | D:7      | Identified a scroll of acquirement
  9506 | D:8      | Acquired a manual of Axes
 10416 | D:9      | Reached skill level 15 in Axes
 10719 | D:9      | Reached skill level 5 in Evocations
 10975 | D:10     | Entered Level 10 of the Dungeon
 11010 | D:10     | Noticed a red ugly thing
 11017 | D:10     | Slain by a red ugly thing

Illustrated notes

Levels and vault maps discovered:
D:1:      dpeg_arrival_prison, layout_loops_corners, basic_ecumenical_altar,
          minmay_misc_feat_room, ebering_dispersal_statue_hall
D:2:      layout_basic, serial_shops, shop, shop, nicolae_shop_statue_plus,
          basic_altar, minmay_unequal
D:3:      layout_basic, serial_shops, shop
D:4:      minmay_spotlight, layout_loops_corners, mainiacjoe_overflow_boulevard,
          gammafunk_ghost_split, uniq_natasha
D:5:      minmay_bubble_buster, layout_basic,
          gammafunk_temple_overflow_forgotten, bh_walls_and_bars
D:6:      layout_basic, minmay_temple_entry_tees, minmay_shop_mayhem,
          grunt_ministairs_2, minivault_26, nrook_loot_triangle, minivault_26
D:7:      layout_rooms, nicolae_shop_distant_corner_stores,
          serial_bayou_lagoon_a, nicolae_elemental_shop, roderic_batcave,
          minmay_a_box_with_orc_wizards_in_it, uniq_maggie
D:8:      layout_gridville, st_stairs_11, doesnt_shop_hydraphobe
D:9:      layout_gridville
D:10:     layout_irregular_city, kennysheep_orc_monster_closet_entryway,
          serial_shops, kennysheep_little_box
Temple:   dpeg_five_rooms_temple

Skill      XL: |  1  2  3  4  5  6  7  8  9 10 |
---------------+-------------------------------+-----
Axes           | 3 4 5 6 7 9 11 13 15 | 15.0
Evocations     | 5 |  5.0
Invocations    | 2 |  2.9
Fighting       | |  3.0
Armour         | |  2.6
Shields        | |  2.1

Action                     |  1- 3 |  4- 6 |  7- 9 | 10-12 || total
---------------------------+-------+-------+-------+-------++-------
  Melee: War axe           |    86 |    68 |   116 |   188 ||   458
         Hand axe          |    28 |    56 |   111 |   168 ||   363
  Throw: Dart              |       |       |     3 |       ||     3
 Invoke: Heroism           |       |       |       |     1 ||     1
  Evoke: Wand              |       |       |       |     2 ||     2
    Use: Scroll            |     9 |     2 |     2 |     8 ||    21
         Potion            |       |       |     2 |     2 ||     4
 Armour: Scale mail        |    67 |    51 |   101 |   171 ||   390
  Dodge: Dodged            |    40 |    23 |    48 |    85 ||   196
  Block: Buckler           |     9 |       |       |       ||     9

Table legend: (Time is in decaauts)
 A = Elapsed time spent in this place.
 B = Non-inter-level travel time spent in this place.
 C = Inter-level travel time spent in this place.
 D = Time resting spent in this place.
 E = Time spent auto-exploring this place.
 F = Levels seen in this place.
 G = Mean time per level.
                   A        B        C        D        E       F      G
               +--------+--------+--------+--------+--------+-----+--------+
         Total |  11001 |  10357 |    644 |   2627 |   6440 |  11 | 1000.1 |
       Dungeon |  10894 |  10354 |    540 |   2627 |   6440 |  10 | 1089.4 |
        Temple |    106 |      2 |    104 |      0 |      0 |   1 |  106.0 |
               +--------+--------+--------+--------+--------+-----+--------+

Top non-repeatable levels by time:
     D:7: 1465 daAuts
     D:8: 1453 daAuts
     D:6: 1385 daAuts
     D:1: 1270 daAuts
     D:5: 1234 daAuts
     D:2: 1205 daAuts
     D:9: 1163 daAuts
     D:4: 1114 daAuts
     D:3: 563 daAuts
  Temple: 106 daAuts
    D:10: 40 daAuts
